TOP OF THE 1ST |
Springfield Shooters batting - Pitching for Ft. Polk South Thunder Hawks : LHP César Vásquez
|
Pitching: LHP César Vásquez
|
|
Batting: SHB Benedict Patel
|
0-0: Ball 1-0: SINGLE (Flyball, 8LM)
|
Batting: RHB Carlos Cardona
|
0-0: Foul Ball, location: 2F 0-1: Ball 1-1: Ball 2-1: Ball 3-1: Foul Ball, location: 2F 3-2: Fly out, F5 (Line Drive, 56D) Lined into DP, 5-3 (Line Drive, 56D)
|
Batting: LHB Chris Payling
|
0-0: SINGLE (Line Drive, 4MD)
|
Batting: RHB Gabrio Campoverde
|
0-0: Ball 1-0: Foul Ball, location: 2F 1-1: Ball 2-1: Fly out, F7 (Flyball, 78S)
|
Top of the 1st over - 0 run(s), 2 hit(s), 0 error(s), 1 left on base; Springfield 0 - Ft. Polk South 0 |
BOTTOM OF THE 1ST |
Ft. Polk South Thunder Hawks batting - Pitching for Springfield Shooters : RHP Gerald Keller
|
Pitching: RHP Gerald Keller
|
|
Batting: RHB Jorge Flores
|
0-0: Ground out 4-3 (Groundball, 34)
|
Batting: RHB Jesús Torres
|
0-0: Swinging Strike 0-1: Ball 1-1: Swinging Strike 1-2: Foul Ball, location: 2F 1-2: Foul Ball, location: 2F 1-2: Strikes out swinging
|
Batting: RHB Jesús Amador
|
0-0: Called Strike 0-1: Ball 1-1: Ground out 5-3 (Groundball, 5S)
|
Bottom of the 1st over - 0 run(s), 0 hit(s), 0 error(s), 0 left on base; Springfield 0 - Ft. Polk South 0 |
TOP OF THE 2ND |
Springfield Shooters batting - Pitching for Ft. Polk South Thunder Hawks : LHP César Vásquez
|
Batting: LHB Shahid Afridi
|
0-0: Called Strike 0-1: Foul Ball, location: 2F 0-2: Strikes out swinging
|
Batting: LHB Guillermo Castro
|
0-0: Ball 1-0: Ball 2-0: SOLO HOME RUN (Flyball, 78XD), Distance : 399 ft
|
Batting: RHB Javier Vásquez
|
0-0: Foul Ball, location: 2F 0-1: Ball 1-1: Ball 2-1: Foul Ball, location: 2F 2-2: SINGLE (Line Drive, 56D)
|
Batting: RHB Willis Kirkendall
|
0-0: SINGLE (Groundball, 6MD) Javier Vásquez to second
|
Batting: RHB Francisco Gonzáles
|
0-0: Called Strike 0-1: Called Strike 0-2: Ball 1-2: Ball 2-2: Foul Ball, location: 2F 2-2: Ground out 5-3 (Groundball, 56S) Javier Vásquez to third Willis Kirkendall to second
|
Batting: SHB Benedict Patel
|
0-0: Called Strike 0-1: Called Strike 0-2: Foul Ball, location: 2F 0-2: Ball 1-2: Fly out, F7 (Flyball, 7)
|
Top of the 2nd over - 1 run(s), 3 hit(s), 0 error(s), 2 left on base; Springfield 1 - Ft. Polk South 0 |
BOTTOM OF THE 2ND |
Ft. Polk South Thunder Hawks batting - Pitching for Springfield Shooters : RHP Gerald Keller
|
Batting: RHB José Morín
|
0-0: Ground out 6-3 (Groundball, 6M)
|
Batting: RHB David Phipps
|
0-0: Ball 1-0: Ball 2-0: Ball 3-0: Called Strike 3-1: Swinging Strike 3-2: Base on Balls
|
Batting: LHB Kelly Drijver
|
0-0: Ball 1-0: Fielders Choice at 2nd, 4-6 (Groundball, 34)
|
Batting: SHB Lowell Mullins
|
0-0: Ball 1-0: Ball 2-0: Ball 3-0: Called Strike 3-1: Swinging Strike 3-2: Foul Ball, location: 2F 3-2: Foul Ball, location: 2F 3-2: Fly out, F4 (Line Drive, 4M)
|
Bottom of the 2nd over - 0 run(s), 0 hit(s), 0 error(s), 1 left on base; Springfield 1 - Ft. Polk South 0 |
TOP OF THE 3RD |
Springfield Shooters batting - Pitching for Ft. Polk South Thunder Hawks : LHP César Vásquez
|
Batting: RHB Carlos Cardona
|
0-0: Ball 1-0: Ball 2-0: Called Strike 2-1: Ball 3-1: Base on Balls
|
Batting: LHB Chris Payling
|
0-0: Swinging Strike 0-1: Foul Ball, location: 2F 0-2: Fly out, F8 (Flyball, 89M)
|
Batting: RHB Gabrio Campoverde
|
0-0: Ball 1-0: Called Strike 1-1: Ball 2-1: Called Strike 2-2: Strikes out swinging
|
Batting: LHB Shahid Afridi
|
0-0: Ball 1-0: Called Strike 1-1: Fly out, F7 (Flyball, 78XD)
|
Top of the 3rd over - 0 run(s), 0 hit(s), 0 error(s), 1 left on base; Springfield 1 - Ft. Polk South 0 |
BOTTOM OF THE 3RD |
Ft. Polk South Thunder Hawks batting - Pitching for Springfield Shooters : RHP Gerald Keller
|
Batting: RHB Gregory Shankland
|
0-0: Called Strike 0-1: Swinging Strike 0-2: Strikes out swinging
|
Batting: RHB Peter Agulera
|
0-0: Ground out 4-3 (Groundball, 4M)
|
Batting: RHB Jorge Flores
|
0-0: Called Strike 0-1: Swinging Strike 0-2: Fly out, F9 (Flyball, 9S)
|
Bottom of the 3rd over - 0 run(s), 0 hit(s), 0 error(s), 0 left on base; Springfield 1 - Ft. Polk South 0 |
TOP OF THE 4TH |
Springfield Shooters batting - Pitching for Ft. Polk South Thunder Hawks : LHP César Vásquez
|
Batting: LHB Guillermo Castro
|
0-0: Foul Ball, location: 2F 0-1: Foul Ball, location: 2F 0-2: Ball 1-2: SINGLE (Flyball, 9LM)
|
Batting: RHB Javier Vásquez
|
0-0: Called Strike 0-1: Grounds into double play, 4-6-3 (Groundball, 4)
|
Batting: RHB Willis Kirkendall
|
0-0: Foul Ball, location: 2F 0-1: Ball 1-1: Swinging Strike 1-2: Ball 2-2: Ball 3-2: Foul Ball, location: 2F 3-2: Ground out 5-3 (Groundball, 5L)
|
Top of the 4th over - 0 run(s), 1 hit(s), 0 error(s), 0 left on base; Springfield 1 - Ft. Polk South 0 |
BOTTOM OF THE 4TH |
Ft. Polk South Thunder Hawks batting - Pitching for Springfield Shooters : RHP Gerald Keller
|
Batting: RHB Jesús Torres
|
0-0: Foul Ball, location: 2F 0-1: Ball 1-1: Fly out, F5 (Line Drive, 56)
|
Batting: RHB Jesús Amador
|
0-0: Called Strike 0-1: Ball 1-1: Fly out, F6 (Popup, 6)
|
Batting: RHB José Morín
|
0-0: Ball 1-0: Swinging Strike 1-1: Foul Ball, location: 2F 1-2: SOLO HOME RUN (Flyball, 7D), Distance : 377 ft
|
Batting: RHB David Phipps
|
0-0: Ground out 5-3 (Groundball, 56S)
|
Bottom of the 4th over - 1 run(s), 1 hit(s), 0 error(s), 0 left on base; Springfield 1 - Ft. Polk South 1 |
TOP OF THE 5TH |
Springfield Shooters batting - Pitching for Ft. Polk South Thunder Hawks : LHP César Vásquez
|
Batting: RHB Francisco Gonzáles
|
0-0: Ground out 5-3 (Groundball, 5)
|
Batting: SHB Benedict Patel
|
0-0: Ball 1-0: Ball 2-0: Ball 3-0: Base on Balls
|
Pitching: RHP Rubén Sánchez
|
|
Batting: RHB Carlos Cardona
|
0-0: Called Strike 0-1: Ball 1-1: Ball 2-1: Fly out, F8 (Flyball, 89XD) Runner from 1st tags up, OUT at 2nd
|
Top of the 5th over - 0 run(s), 0 hit(s), 0 error(s), 0 left on base; Springfield 1 - Ft. Polk South 1 |
BOTTOM OF THE 5TH |
Ft. Polk South Thunder Hawks batting - Pitching for Springfield Shooters : RHP Gerald Keller
|
Batting: LHB Kelly Drijver
|
0-0: Ball 1-0: Foul Ball, location: 2F 1-1: Swinging Strike 1-2: Ball 2-2: SINGLE (Line Drive, 34)
|
Batting: SHB Lowell Mullins
|
0-0: Ball 1-0: SINGLE (Groundball, 56S) (infield hit) Kelly Drijver to second
|
Batting: RHB Gregory Shankland
|
0-0: Bunted foul 0-1: Sac Bunt - play at first, batter OUT! 1-4 Kelly Drijver to third Lowell Mullins to second
|
Batting: RHB Peter Agulera
|
0-0: Fly out, F7 (Flyball, 7LM) Runner from 3rd tags up, SCORES, no throw
|
Batting: RHB Jorge Flores
|
0-0: Foul Ball, location: 2F 0-1: Called Strike 0-2: Ground out U3 (Groundball, 3)
|
Bottom of the 5th over - 1 run(s), 2 hit(s), 0 error(s), 1 left on base; Springfield 1 - Ft. Polk South 2 |
TOP OF THE 6TH |
Springfield Shooters batting - Pitching for Ft. Polk South Thunder Hawks : RHP Rubén Sánchez
|
Batting: LHB Chris Payling
|
0-0: Called Strike 0-1: Ball 1-1: Foul Ball, location: 2F 1-2: Strikes out swinging
|
Batting: RHB Gabrio Campoverde
|
0-0: Called Strike 0-1: Foul Ball, location: 2F 0-2: Ball 1-2: Strikes out looking
|
Batting: LHB Shahid Afridi
|
0-0: Foul Ball, location: 2F 0-1: Swinging Strike 0-2: Foul Ball, location: 2F 0-2: Ball 1-2: Ball 2-2: Ball 3-2: Strikes out swinging
|
Top of the 6th over - 0 run(s), 0 hit(s), 0 error(s), 0 left on base; Springfield 1 - Ft. Polk South 2 |
BOTTOM OF THE 6TH |
Ft. Polk South Thunder Hawks batting - Pitching for Springfield Shooters : RHP Gerald Keller
|
Batting: RHB Jesús Torres
|
0-0: Ball 1-0: Called Strike 1-1: Foul Ball, location: 2F 1-2: SINGLE (Groundball, 6MD)
|
Batting: RHB Jesús Amador
|
0-0: Ball 1-0: Called Strike 1-1: Ball Jesús Torres steals 2nd base 2-1: Ball 3-1: Foul Ball, location: 2F 3-2: Foul Ball, location: 2F 3-2: Fly out, F8 (Flyball, 8LD) Runner from 2nd tags up, SAFE at 3rd, no throw
|
Batting: RHB José Morín
|
0-0: Ball 1-0: Foul Ball, location: 2F 1-1: Swinging Strike 1-2: DOUBLE (Line Drive, 78S) Jesús Torres scores
|
Batting: RHB David Phipps
|
0-0: Ball José Morín steals 3rd base 1-0: Foul Ball, location: 2F 1-1: Ball 2-1: Foul Ball, location: 2F 2-2: Ball 3-2: SINGLE (Flyball, 9LS) José Morín scores
|
Batting: LHB Kelly Drijver
|
0-0: SINGLE (Line Drive, 7S) David Phipps to second
|
Batting: SHB Lowell Mullins
|
0-0: Ball 1-0: Ball 2-0: Fielders Choice at 2nd, 6-4 (Groundball, 6) David Phipps to third
|
Batting: RHB Gregory Shankland
|
0-0: Called Strike 0-1: Ball 1-1: Foul Ball, location: 2F 1-2: SINGLE (Line Drive, 8LS) David Phipps scores Lowell Mullins to second
|
Batting: RHB Peter Agulera
|
0-0: Fly out, F7 (Flyball, 7LMF)
|
Bottom of the 6th over - 3 run(s), 5 hit(s), 0 error(s), 2 left on base; Springfield 1 - Ft. Polk South 5 |
TOP OF THE 7TH |
Springfield Shooters batting - Pitching for Ft. Polk South Thunder Hawks : RHP Rubén Sánchez
|
Batting: LHB Guillermo Castro
|
0-0: Ball 1-0: Called Strike 1-1: SINGLE (Line Drive, 6MD)
|
Batting: RHB Javier Vásquez
|
0-0: Foul Ball, location: 2F 0-1: Ball 1-1: Ball 2-1: Foul Ball, location: 2F 2-2: Foul Ball, location: 2F 2-2: Strikes out swinging
|
Batting: RHB Willis Kirkendall
|
0-0: Ball 1-0: Ball 2-0: Ball 3-0: Called Strike 3-1: Called Strike 3-2: Grounds into double play, 6-4-3 (Groundball, 6)
|
Top of the 7th over - 0 run(s), 1 hit(s), 0 error(s), 0 left on base; Springfield 1 - Ft. Polk South 5 |
BOTTOM OF THE 7TH |
Ft. Polk South Thunder Hawks batting - Pitching for Springfield Shooters : RHP Gerald Keller
|
Batting: RHB Jorge Flores
|
0-0: Foul Ball, location: 2F 0-1: Called Strike 0-2: Ball 1-2: Foul Ball, location: 2F 1-2: Foul Ball, location: 2F 1-2: Foul Ball, location: 2F 1-2: Ball 2-2: Ball 3-2: Foul Ball, location: 2F 3-2: Foul Ball, location: 2F 3-2: SINGLE (Flyball, 78S)
|
Batting: RHB Jesús Torres
|
0-0: Bunted foul 0-1: Sac Bunt - play at first, batter OUT! 2-4 Jorge Flores to second
|
Batting: RHB Jesús Amador
|
0-0: Called Strike 0-1: Ball 1-1: Swinging Strike 1-2: Ball 2-2: Fly out, F4 (Popup, 4D)
|
Pitching: RHP Howard Allen
|
|
Batting: RHB José Morín
|
0-0: Swinging Strike 0-1: Foul Ball, location: 2F 0-2: Ball 1-2: Ball 2-2: Foul Ball, location: 2F 2-2: DOUBLE (Line Drive, 8LM) Jorge Flores scores
|
Batting: RHB David Phipps
|
0-0: Called Strike 0-1: Swinging Strike 0-2: Ball Wild Pitch! José Morín to third 1-2: Ball 2-2: DOUBLE (Flyball, 78D) José Morín scores
|
Batting: LHB Kelly Drijver
|
0-0: Fly out, F9 (Flyball, 9LM)
|
Bottom of the 7th over - 2 run(s), 3 hit(s), 0 error(s), 1 left on base; Springfield 1 - Ft. Polk South 7 |
TOP OF THE 8TH |
Springfield Shooters batting - Pitching for Ft. Polk South Thunder Hawks : RHP Rubén Sánchez
|
Batting: RHB Francisco Gonzáles
|
0-0: Called Strike 0-1: Foul Ball, location: 2F 0-2: Ball 1-2: Strikes out swinging
|
Batting: SHB Benedict Patel
|
0-0: Ball 1-0: Foul Ball, location: 2F 1-1: Ball 2-1: Ground out 4-3 (Groundball, 34)
|
Batting: RHB Carlos Cardona
|
0-0: Ball 1-0: Swinging Strike 1-1: Swinging Strike 1-2: Ball 2-2: Ball 3-2: Strikes out swinging
|
Top of the 8th over - 0 run(s), 0 hit(s), 0 error(s), 0 left on base; Springfield 1 - Ft. Polk South 7 |
BOTTOM OF THE 8TH |
Ft. Polk South Thunder Hawks batting - Pitching for Springfield Shooters : RHP Howard Allen
|
Batting: SHB Lowell Mullins
|
0-0: Fly out, F9 (Flyball, 89M)
|
Batting: RHB Gregory Shankland
|
0-0: Ground out 5-3 (Groundball, 56S)
|
Batting: RHB Peter Agulera
|
0-0: Called Strike 0-1: Foul Ball, location: 2F 0-2: Foul Ball, location: 2F 0-2: Foul Ball, location: 2F 0-2: Foul Ball, location: 2F 0-2: Fly out, F8 (Line Drive, 8RM)
|
Bottom of the 8th over - 0 run(s), 0 hit(s), 0 error(s), 0 left on base; Springfield 1 - Ft. Polk South 7 |
TOP OF THE 9TH |
Springfield Shooters batting - Pitching for Ft. Polk South Thunder Hawks : RHP Rubén Sánchez
|
Batting: LHB Chris Payling
|
0-0: Ground out U3 (Groundball, 34)
|
Batting: RHB Gabrio Campoverde
|
0-0: Fly out, F5 (Line Drive, 56)
|
Batting: LHB Shahid Afridi
|
0-0: Ball 1-0: Foul Ball, location: 2F 1-1: Ball 2-1: Called Strike 2-2: Foul Ball, location: 2F 2-2: Ball 3-2: Fly out, F5 (Popup, 5D)
|
Top of the 9th over - 0 run(s), 0 hit(s), 0 error(s), 0 left on base; Springfield 1 - Ft. Polk South 7 |
|